 Dungeon Crawl Stone Soup version 0.25.1-2-g60ff931df9 (webtiles) character file.

Game seed: 9025879122884221950

50 hawla the Slasher (level 3, -3/30 HPs)
             Began as a Minotaur Gladiator on Nov 1, 2020.
             Killed by nerve-wracking pain
             ... invoked by Grinder
              (9 damage)
             ... on level 3 of the Dungeon.
             The game lasted 00:02:30 (1634 turns).

hawla the Slasher (Minotaur Gladiator)              Turns: 1634, Time: 00:02:31

Health: -3/30      AC:  7    Str: 19    XL:     3   Next: 55%
Magic:  2/2        EV: 13    Int:  5    God:
Gold:   141        SH:  0    Dex: 11    Spells: 2/2 levels left

rFire    . . .     SeeInvis .   a - +0 long sword
rCold    . . .     Gourm    .   (no shield)
rNeg     . . .     Faith    .   b - +0 leather armour
rPois    .         Spirit   .   c - +0 hat
rElec    .         Reflect  .   (no cloak)
rCorr    .         Harm     .   (no gloves)
MR       .....                  (no boots)
Stlth    +.........             (no amulet)
HPRegen  0.10/turn              j - +4 ring of protection
MPRegen  0.08/turn              (no ring)

@: no status effects
A: retaliatory headbutt, horns 2
a: no special abilities


You were on level 3 of the Dungeon.
You were not hungry.

You visited 1 branch of the dungeon, and saw 3 of its levels.

You collected 141 gold pieces.

Inventory:

Hand Weapons
 a - a +0 long sword (weapon)
Missiles
 d - 3 throwing nets (quivered)
 m - 14 poisoned darts
Armour
 b - a +0 leather armour (worn)
 c - a +0 hat (worn)
Jewellery
 j - a +4 ring of protection (left hand)
Scrolls
 k - 2 scrolls of identify {unknown}
Potions
 e - a potion of heal wounds {unknown}
 g - a potion of invisibility {unknown}
 h - 2 potions of lignification {unknown}
 i - 2 potions of curing {unknown}
Comestibles
 f - 4 rations
 l - 3 chunks of flesh


   Skills:
 + Level 2.7 Fighting
 + Level 4.3 Long Blades
 + Level 2.1 Throwing
 + Level 0.2 Armour
 * Level 4.3 Dodging


You had 2 spell levels left.
You didn't know any spells.
Your spell library was empty.

Dungeon Overview and Level Annotations

Branches:
Dungeon (3/15)

Altars:
Fedhas
Nemelex Xobeh
Okawaru

Annotations:
D:3 Grinder


Innate Abilities, Weirdness & Mutations

You reflexively headbutt those who attack you in melee.
You have a pair of horns on your head.


Message History

Grinder gestures at you. Pain shoots through your body!
You are too injured to fight recklessly!
You are too injured to fight recklessly!
Unknown command.
Grinder hits you!
* * * LOW HITPOINT WARNING * * *
You closely miss Grinder.
Grinder is lightly wounded.
Grinder closely misses you.
You riposte.
You hit Grinder.
Grinder is lightly wounded.
You completely miss Grinder.
Grinder is lightly wounded.
Grinder gestures at you. You resist with significant effort.
You hit Grinder. Your headbutt misses Grinder.
Grinder is lightly wounded.
Grinder gestures at you. Pain shoots through your body!
You die...

.. #. #. #. #. #.###
##'## #...# ##...##
#.#.# ##.....##
####...### ##...5@..##
#........#
#.........###.....##.##
+......(..'............
#.........###....#.#.##
##....$(.## #.#.##.#.#
##.....## #.####.#.#
##...## #........#
##+## ######.### #.#


You could see Grinder.

Vanquished Creatures
  2 adders (D:3)
  A dart slug (D:1)
  A leopard gecko (D:1)
  4 bats
  3 hobgoblins
  4 jackals
  4 kobolds
  A ball python (D:3)
  2 frilled lizards (D:3)
  2 goblins
  6 rats (D:1)
30 creatures vanquished.

Notes
Turn   | Place    | Note
-------+----------+-------------------------------------------
     0 | D:1      | hawla the Minotaur Gladiator began the quest for the Orb.
     0 | D:1      | Reached XP level 1. HP: 18/18 MP: 0/0
   202 | D:1      | Reached XP level 2. HP: 22/25 MP: 1/1
  1382 | D:3      | Reached XP level 3. HP: 30/30 MP: 2/2
  1390 | D:3      | Found a blossoming altar of Fedhas.
  1390 | D:3      | Found a sparkling altar of Nemelex Xobeh.
  1392 | D:3      | Found an iron altar of Okawaru.
  1624 | D:3      | Noticed Grinder
  1634 | D:3      | Killed from afar by Grinder

Illustrated notes

Levels and vault maps discovered:
D:1:      dpeg_arrival_stone_temple_mockup, layout_basic
D:2:      layout_loops_ring, first_ration
D:3:      minmay_chambers_of_threes, layout_loops_corners, zin_scriptorium,
          gammafunk_temple_overflow_claw, uniq_grinder

Skill      XL: |  1  2 |
---------------+-------+-----
Long Blades    | 4 |  4.3
Dodging        | 4 |  4.3
Fighting       | |  2.7
Throwing       | |  2.1
Armour         | |  0.2

Action                   || total
-------------------------++-------
Melee: Long sword        ||    61
       Headbutt          ||     9
  Use: Scroll            ||     1
  Eat: Chunk             ||     2
Armor: Leather armour    ||    30
Dodge: Dodged            ||    50
       Rpst.: Long sword ||    18
